 Dungeon Crawl Stone Soup version 0.21-a0-213-gae198ad (webtiles) character file.

239 Nvm9 the Skirmisher (level 5, 0/42 HPs)
             Began as a Demonspawn Fighter on Aug 22, 2017.
             Slain by Grinder (5 damage)
             ... on level 2 of the Dungeon.
             The game lasted 00:03:21 (1819 turns).

Nvm9 the Skirmisher (Demonspawn Fighter)            Turns: 1819, Time: 00:03:23

Health: 0/42       AC:  7    Str: 17    XL:     5   Next: 79%
Magic:  4/4        EV:  7    Int:  9    God:
Gold:   184        SH:  9    Dex: 13    Spells: 4/4 levels left

rFire    . . .     SeeInvis .   a - +0 war axe
rCold    . . .     Gourm    .   c - +0 shield
rNeg     . . .     Faith    .   b - +0 scale mail
rPois    .         Spirit   .   (helmet restricted)
rElec    .         Reflect  .   (no cloak)
rCorr    +         Harm     .   (no gloves)
MR       .....                  (no boots)
Stlth    ..........             (no amulet)
HPRegen  0.14/turn              t - ring of resist corrosion
MPRegen  0.09/turn              w - +2 ring of slaying (curse)

@: lethally poisoned (0 -> -5)
A: antennae 1, hooves 1, demonic guardian 1, deterioration 1, low mp 1
a: no special abilities


You were on level 2 of the Dungeon.
You were not hungry.

You visited 1 branch of the dungeon, and saw 3 of its levels.

You collected 184 gold pieces.

Inventory:

Hand Weapons
 a - a +0 war axe (weapon)
Armour
 b - a +0 scale mail (worn)
 c - a +0 shield (worn)
 n - a +0 helmet
Jewellery
 t - a ring of resist corrosion (left hand)
 w - a cursed +2 ring of slaying (right hand)
 x - an uncursed ring of protection from cold {unknown}
Scrolls
 e - 2 scrolls of recharging {unknown}
 g - 3 scrolls of identify {unknown}
 h - a scroll of blinking {unknown}
 i - 2 scrolls of remove curse {unknown}
 j - 2 scrolls of teleportation {unknown}
 k - 2 scrolls of enchant weapon {unknown}
 l - a scroll of magic mapping {unknown}
 m - a scroll of enchant armour {unknown}
 v - a scroll of noise {unknown}
 y - 2 scrolls of fog {unknown}
Potions
 d - a potion of might
 p - a potion of cancellation
Comestibles
 f - 2 bread rations
 o - a royal jelly
 q - 2 chunks of flesh
 r - a meat ration


   Skills:
 + Level 4.2 Fighting
 + Level 2.9 Axes
 * Level 4.2 Armour
 + Level 3.4 Shields


You had 4 spell levels left.
You didn't know any spells.

Dungeon Overview and Level Annotations

Branches:
Dungeon (3/15)

Altars:

Annotations:
D:2 Grinder


Innate Abilities, Weirdness & Mutations

You have large cloven feet.
A weak demonic guardian rushes to your aid.
You have a pair of small antennae on your head.
Your body sometimes deteriorates upon taking damage.
Your magical capacity is low. (-10% MP)


Message History

You slash Grinder!
You feel sick. Grinder hits you.
Your iron imp barely misses Grinder.
You block Grinder's attack.
Your iron imp closely misses Grinder.
You feel sick. You block Grinder's attack.
You climb upwards.
Your summoned ally is left behind.
You feel sick.
There is a stone staircase leading down here.
You are too injured to fight recklessly!
You are too injured to fight recklessly!
Your shield and scale mail prevent you from hitting Grinder.
Grinder is severely wounded.
You feel sick. Grinder gestures at you. Pain shoots through your body!
Your shield and scale mail prevent you from hitting Grinder.
Your kick misses Grinder.
Grinder is severely wounded.
You feel sick. Grinder hits you!
* * * LOW HITPOINT WARNING * * *
You writhe in agony.
You die...

####### ......# ......###
##### ........#######...#
............)..5@.#
....###....#.##...#
.##..####..#.##...#
.##........#...<..#######
.###..####.#............#
........................#
......####.#............#
......####..(...(.......#
.......##..()...........#


You could see Grinder.

Vanquished Creatures
  Sigmund (D:3)
  An adder (D:2)
  An ooze (D:2)
  2 worms (D:2)
  2 dart slugs (D:2)
  2 leopard geckos
  4 giant cockroaches
  3 goblins
  9 hobgoblins
  7 jackals (D:1)
  8 kobolds
  A ball python (D:2)
  5 bats
  2 frilled lizards
  8 rats
56 creatures vanquished.

Vanquished Creatures (collateral kills)
  A bat (D:3)
1 creature vanquished.

Vanquished Creatures (others)
  7 toadstools (D:1)
7 creatures vanquished.

Grand Total: 64 creatures vanquished

Notes
Turn   | Place    | Note
-------+----------+-------------------------------------------
     0 | D:1      | Nvm9 the Demonspawn Fighter began the quest for the Orb.
     0 | D:1      | Reached XP level 1. HP: 18/18 MP: 1/1
   116 | D:1      | Gained mutation: You have large cloven feet. [demonic ancestry]
   116 | D:1      | Reached XP level 2. HP: 22/24 MP: 2/2
   709 | D:2      | Gained mutation: A weak demonic guardian rushes to your aid. [demonic ancestry]
   709 | D:2      | Reached XP level 3. HP: 24/29 MP: 3/3
   737 | D:2      | HP: 1/29 [worm (6)]
  1433 | D:2      | Reached XP level 4. HP: 36/37 MP: 4/4
  1520 | D:3      | Gained mutation: Your body sometimes deteriorates upon taking damage. [potion of mutation]
  1520 | D:3      | Gained mutation: Your magical capacity is low. (-10% MP) [potion of mutation]
  1520 | D:3      | Gained mutation: You have a pair of small antennae on your head. [potion of mutation]
  1639 | D:3      | Noticed Grinder
  1644 | D:3      | Noticed Sigmund
  1815 | D:3      | Killed Sigmund
  1815 | D:3      | Reached XP level 5. HP: 23/42 MP: 4/4
  1819 | D:2      | Slain by Grinder

Vault maps used:
D:1:      nagdon_arrival_double_spiral, patterned_corridor
D:3:      first_bread, nicolae_tso_carved_into_rock, uniq_sigmund, uniq_grinder

Skill      XL: |  1  2  3  4 |
---------------+-------------+-----
Axes           | 2 |  2.9
Armour         | 3 4 |  4.2
Shields        | 3 |  3.4
Fighting       | 4 |  4.2

Action                   |  1- 3 |  4- 6 || total
-------------------------+-------+-------++-------
Melee: War axe           |   122 |    20 ||   142
       Kick              |    19 |     3 ||    22
  Use: Potion            |       |     5 ||     5
  Eat: Chunk             |     2 |     1 ||     3
Armor: Scale mail        |    72 |    15 ||    87
Dodge: Dodged            |    44 |     7 ||    51
Block: Shield            |    67 |    15 ||    82

Table legend:
 A = Spawn XP
 B = Non-spawn XP
 C = Spawn XP percentage of total XP
 D = Spawn monster count
 E = Non-spawn monster count
 F = Spawn count percentage of total count
 G = Total turns spent on level
                    A         B        C        D         E        F      G
               +---------+---------+-------+---------+---------+-------+---------
         Total |      12 |     330 |   3.5 |       7 |      50 |  12.3 |  1819
               +---------+---------+-------+---------+---------+-------+---------
           D:1 |       3 |      34 |   8.1 |       2 |      21 |   8.7 |   699
           D:2 |       7 |      64 |   9.9 |       4 |      23 |  14.8 |   976
           D:3 |       2 |     232 |   0.9 |       1 |       6 |  14.3 |   144
               +---------+---------+-------+---------+---------+-------+---------
